 Dungeon Sprint DCSS version 0.22-a0-21-g9421e3f (webtiles) character file.

606 nikopol the Protected (level 7, 0/71 HPs)
             Began as a Hill Orc Fighter on Jan 2, 2018.
             Was an Initiate of Okawaru.
             Succumbed to Sonja's poison
             ... in the Dungeon (Sprint I: "Red Sonja").
             The game lasted 00:02:27 (733 turns).

nikopol the Protected (Hill Orc Fighter)             Turns: 733, Time: 00:02:28

Health: 0/71       AC: 13    Str: 26    XL:     7   Next: 42%
Magic:  7/7        EV:  8    Int:  8    God:    Okawaru [......]
Gold:   297        SH: 12    Dex: 10    Spells: 6/6 levels left

rFire    . . .     SeeInvis .   a - +0 war axe
rCold    . . .     Gourm    .   c - +0 shield
rNeg     . . .     Faith    .   n - +2 chain mail {rPois}
rPois    +         Spirit   .   (no helmet)
rElec    .         Reflect  .   (no cloak)
rCorr    .         Harm     .   (no gloves)
MR       .....     NoTele   +   (no boots)
Stlth    ..........             (no amulet)
HPRegen  0.21/turn              (no ring)
MPRegen  0.10/turn              (no ring)

@: mighty, lethally poisoned (0 -> -35)
A: no striking features
a: Renounce Religion


You were in the Dungeon.
You worshipped Okawaru.
Okawaru was noncommittal.
You were not hungry.

You visited 1 branch You collected 297 gold pieces.

Inventory:

Hand Weapons
 a - a +0 war axe (weapon)
Armour
 b - a +0 scale mail
 c - a +0 shield (worn)
 m - a +0 plate armour of magic resistance
 n - a +2 chain mail of poison resistance (worn)
Scrolls
 k - a scroll of blinking
 o - a scroll of identify {unknown}
Potions
 g - a potion of heal wounds
 h - a potion of haste
 i - 2 potions of magic
 j - a potion of berserk rage
 l - a potion of degeneration {unknown}
Comestibles
 f - a ration


   Skills:
 + Level 9.9 Fighting
 + Level 9.5 Axes
 + Level 10.2 Armour
 + Level 0.9 Dodging
 + Level 8.8 Shields


You had 6 spell levels left.
You didn't know any spells.

Dungeon Overview and Level Annotations

Branches:
Dungeon (1/1)

Altars:
Cheibriados
Dithmenos
Elyvilon
Fedhas
Gozag
Hepliaklqana
Kikubaaqudgha
Makhleb
Nemelex Xobeh
Okawaru
Qazlal
Ru
Sif Muna
Trog
Uskayaw
Vehumet
Wu Jian
Xom
Yredelemnul
Zin
The Shining One
Jiyva
Lugonu

Shops:
D [

Annotations:
D Sonja


Message History

* * * LOW HITPOINT WARNING * * *
You feel sick. Sonja completely misses you. You block Sonja's attack.
Sonja hits you but does no damage. You block Sonja's attack. x2
Sonja hits you but does no damage.
You are more poisoned.
You slice Sonja!!
Sonja is severely wounded.
* * * LOW HITPOINT WARNING * * *
You feel sick. You block Sonja's attack. Sonja hits you but does no damage.
You are more poisoned.
Sonja hits you but does no damage.
You completely miss Sonja.
Sonja is severely wounded.
* * * LOW HITPOINT WARNING * * *
You feel sick. You block Sonja's attack. Sonja hits you but does no damage.
You are more poisoned.
You block Sonja's attack.
Sonja drinks a potion.
Sonja is healed!
You closely miss Sonja.
Sonja is moderately wounded.
You die...

#<.#..').#..'..#__#
#..').#..').#..'..+
#..#####'#####'#__#
#..####..#...#.# ##
#..#__####..##.#
#..#_____##'#_.+
#⌠⌠#_.∩...'.(._#
####_..__##_(#+#
#_____###@# #######
#K# +$.$+ #$.$#
##.## #+#


You could see Sonja.

Vanquished Creatures
  A slime creature (D)
  Sigmund (D)
  A yak (D)
  An ogre (D)
  A jelly (D)
  Ijyb (D)
6 creatures vanquished.

Notes
Turn   | Place    | Note
-------+----------+-------------------------------------------
     0 | D        | nikopol the Hill Orc Fighter began the quest for the Orb.
     0 | D        | Reached XP level 1. HP: 19/19 MP: 1/1
     4 | D        | Noticed Ijyb
    14 | D        | Killed Ijyb
    14 | D        | Reached skill level 5 in Fighting
    14 | D        | Reached skill level 4 in Armour
    14 | D        | Reached XP level 2. HP: 16/29 MP: 2/2
    14 | D        | Reached XP level 3. HP: 20/36 MP: 3/3
   142 | D        | Noticed an ogre
   146 | D        | Killed an ogre
   146 | D        | Reached skill level 6 in Armour
   146 | D        | Reached XP level 4. HP: 7/47 MP: 4/4
   410 | D        | Noticed Sigmund
   418 | D        | Killed Sigmund
   418 | D        | Reached skill level 8 in Armour
   418 | D        | Reached XP level 5. HP: 54/56 MP: 5/5
   418 | D        | Reached XP level 6. HP: 60/62 MP: 6/6
   452 | D        | Found a burning altar of Makhleb.
   452 | D        | Found a viscous altar of Jiyva.
   452 | D        | Found a shimmering altar of Xom.
   452 | D        | Found a corrupted altar of Lugonu.
   452 | D        | Noticed a slime creature
   461 | D        | Killed a slime creature
   461 | D        | Reached skill level 9 in Armour
   461 | D        | Reached XP level 7. HP: 50/70 MP: 7/7
   558 | D        | Found an ornate altar of the Wu Jian Council.
   558 | D        | Found a deep blue altar of Sif Muna.
   560 | D        | Found a radiant altar of Vehumet.
   585 | D        | Found Soudoj's Antique Armour Emporium.
   585 | D        | Found an ancient bone altar of Kikubaaqudgha.
   585 | D        | Found a hazy altar of Hepliaklqana.
   585 | D        | Found a stormy altar of Qazlal.
   585 | D        | Found a hide-covered altar of Uskayaw.
   585 | D        | Found a blossoming altar of Fedhas.
   585 | D        | Found a bloodstained altar of Trog.
   585 | D        | Found an iron altar of Okawaru.
   585 | D        | Found a basalt altar of Yredelemnul.
   585 | D        | Found a glowing golden altar of the Shining One.
   585 | D        | Found a snail-covered altar of Cheibriados.
   585 | D        | Found a sacrificial altar of Ru.
   585 | D        | Found a glowing silver altar of Zin.
   585 | D        | Found a shadowy altar of Dithmenos.
   585 | D        | Found a white marble altar of Elyvilon.
   585 | D        | Noticed a yak
   593 | D        | Killed a yak
   593 | D        | Reached skill level 10 in Armour
   680 | D        | Found an opulent altar of Gozag.
   681 | D        | Found a sparkling altar of Nemelex Xobeh.
   689 | D        | Became a worshipper of Warmaster Okawaru
   701 | D        | Noticed Sonja
   733 | D        | Succumbed to Sonja's poison

Vault maps used:
D:        dungeon_sprint_1

Skill      XL: |  1  2  3  4  5  6  7 |
---------------+----------------------+-----
Fighting       | 5 7 8 9 |  9.9
Axes           | 3 4 6 8 9 |  9.5
Armour         | 4 6 8 9 10 | 10.2
Shields        | 4 6 7 8 |  8.8
Dodging        | |  0.9

Action                   |  1- 3 |  4- 6 |  7- 9 || total
-------------------------+-------+-------+-------++-------
Melee: War axe           |    12 |    16 |    32 ||    60
  Use: Potion            |       |       |     2 ||     2
Armor: Scale mail        |     3 |       |       ||     3
       Chain mail        |       |     7 |    40 ||    47
Dodge: Dodged            |     2 |     3 |    18 ||    23
Block: Shield            |     2 |     3 |    41 ||    46

Table legend:
 A = Spawn XP
 B = Non-spawn XP
 C = Spawn XP percentage of total XP
 D = Spawn monster count
 E = Non-spawn monster count
 F = Spawn count percentage of total count
 G = Total turns spent on level
                    A         B        C        D         E        F      G
               +---------+---------+-------+---------+---------+-------+---------
         Total |       0 |     866 |   0.0 |       0 |       6 |   0.0 |   733
               +---------+---------+-------+---------+---------+-------+---------
             D |       0 |     866 |   0.0 |       0 |       6 |   0.0 |   733
               +---------+---------+-------+---------+---------+-------+---------
